Unix NetHack Version 5.0.0-0 post-release - last build Jun 10 2026 00:39:30 (3ee93aec679c4c4259841fe613dc97188e26a321,branch:main).

Game began 2026-06-11 15:33:06, ended 2026-06-11 16:02:13.

LDaviesPeters, neutral female human Archeologist

                         --------------
            #            |............|
        ----.-------     |............|       --------
        |.......@..|     |.>.....(....|       |......|
        |.......i..|    #............{|       |......|
        |.......)..|    #---------|----      #-......|
        --------.---    #         #          #|......-###############
                #      ##        ##      #####|......|##    --------.---
               ##      )         #      ##    |......|##    |..........|
               #       #         #      #     --------###   |..........|
 --------      #     ###         #      #        ###### ####...........|
 |......|    --.-----#           #      #                   |..........|
 |......|    |......-#           #      #                   |..........|
 |...<(.|    |......|         #####   ###                   ------------
 |......-##  |......|       --+---.-  #
 -------- ##`|......|       |...[..|###
            #--------       |.......#
            ################-.{....|
                            --------

LDaviesPeters the Field Worker  St:10 Dx:10 Co:9 In:16 Wi:17 Ch:14  Neutral
Dlvl:4  $:0  HP:0(38) Pw:24(24) AC:8  Xp:4 T:2498 

Latest messages:
 You miss the imp.
 The imp hits!
 "I've met smarter (and prettier) acid blobs."
 You lash the imp!
 The imp hits!
 You miss the imp.
 The imp hits!
 "Thy head is unfit for a mind flayer to munch upon!"
 You miss the imp.
 The imp hits!
 You miss the imp.
 The imp hits!
 You miss the imp.
 The imp hits!
 The imp casts aspersions on your ancestry.
 You swap places with your little dog.
 You hear some noises.
 The little dog misses it.
 You have a little trouble lifting an uncursed sack containing 10 items.  Continue? [ynq] (q) y
 You have a little trouble lifting b - an uncursed sack containing 10 items.
 Your movements are slowed slightly because of your load.
 You drop 5 daggers.
 Your movements are now unencumbered.
 The little dog misses the imp.
 You miss the imp.
 You miss the imp.
 The imp hits!
 You miss the imp.
 The imp hits!
 The little dog misses the imp.
 You miss the imp.
 The imp hits!
 "Hold! Thy face is a most exquisite torture!"
 The little dog misses the imp.
 The little dog misses the imp.
 The little dog misses the imp.
 The imp hits!
 "Thy gaze is so vacant, I thought thee a floating eye!"
 You don't have anything to zap.
 What do you want to throw? [o or ?*] o
 In what direction? 2
 The dart misses the imp.
 You lash the imp.
 The imp hits!
 You miss the imp.
 The imp hits!
 You miss the imp.
 The imp hits!
 You die...
 Do you want your possessions identified? [ynq] (y) q

Inventory:
 Weapons  (')')
  o - 19 +0 darts
  a - a +2 bullwhip (weapon in right hand)
 Armor    ('[')
  F - an uncursed +0 orcish helm (being worn)
  h - a blessed +0 leather jacket (being worn)
 Comestibles  ('%')
  z - an uncursed apple
  d - 5 uncursed food rations
 Scrolls  ('?')
  M - an uncursed scroll of teleportation
 Rings    ('=')
  E - an uncursed ring of polymorph control
 Tools    ('(')
  b - an uncursed sack containing 10 items
  k - an uncursed lock pick
  q - a magic marker (0:82)
  p - a +0 pick-axe
  f - a tinning kit (0:32)
 Gems/Stones  ('*')
  g - an uncursed touchstone

Contents of the sack:
  138 gold pieces
  an uncursed scroll of blank paper
  an uncursed scroll of create monster
  an uncursed scroll of destroy armor
  an uncursed scroll of food detection
  an uncursed scroll of gold detection
  an uncursed scroll of identify
  an uncursed scroll of magic mapping
  an uncursed potion of healing
  an uncursed potion of hallucination

LDaviesPeters the Archeologist's attributes:

Background:
 You were a Field Worker, a level 4 female human Archeologist.
 You were neutral, on a mission for Camaxtli
 who was opposed by Quetzalcoatl (lawful) and Huhetotl (chaotic).
 You were right-handed.
 You were in the Dungeons of Doom, on level 4.
 You entered the dungeon 2498 turns ago.
 You had 105 experience points, 55 more were needed to attain level 5.

Basics:
 You had 0 out of 38 hit points.
 You had all 24 energy points (spell power).
 Your armor class was 8.
 Your wallet was empty, but
 you had 138 zorkmids stashed away in your pack.
 Autopickup was off.

Final Characteristics:
 Your strength was 10 (limit:18/100).
 Your dexterity was 10 (limit:18).
 Your constitution was 9 (limit:18).
 Your intelligence was 16 (limit:18).
 Your wisdom was 17 (limit:18).
 Your charisma was 14 (limit:18).

Final Status:
 You weren't hungry.
 You were unencumbered.
 You were wielding a whip.
 You were skilled in whip.

Final Attributes:
 You were devoutly aligned.
 You had automatic searching.
 You are dead.

Miscellaneous:
 You didn't encounter any bones levels.
 Total elapsed playing time was 29 minutes and 6 seconds.

Major events:
 Turn
    1: LDaviesPeters the neutral female human Archeologist entered the dungeon
  463: entered the Gnomish Mines
  569: attained the rank of Field Worker (level 3)
 2498: killed by an imp

Spells:
 Name                 Level Category     Fail Retention
 healing                1   healing       30%  76%-100%

Skills:
 Fighting Skills
   bare handed combat [Unskilled]
   two weapon combat  [Unskilled]
   riding             [Unskilled]
 Weapon Skills
   dagger             [Unskilled]
   knife              [Unskilled]
   pick-axe           [Basic]
   short sword        [Unskilled]
   saber              [Unskilled]
   club               [Unskilled]
   quarterstaff       [Unskilled]
   sling              [Unskilled]
   dart               [Unskilled]
   boomerang          [Unskilled]
   whip               [Skilled]
   unicorn horn       [Unskilled]
 Spellcasting Skills
   attack spells      [Unskilled]
   healing spells     [Unskilled]
   divination spells  [Unskilled]
   matter spells      [Unskilled]

Voluntary challenges:
 Character rerolling was not enabled.
 You never genocided any monsters.
 You never polymorphed an object.
 You never changed form.
 You used no wishes.
Achievements:
 You entered the Gnomish Mines.
 You attained the rank of Field Worker.
 You entered a shop.

 The Dungeons of Doom: levels 1 to 4
    Level 1:
       Many fountains.
    Level 2:
       Stairs down to The Gnomish Mines.
    Level 3:
       A general store, a grave.
    Level 4: <- You were here.
       Some fountains.
       Final resting place for
          you, killed by an imp.
 The Gnomish Mines:
    Level 3:


Vanquished creatures:
  a straw golem
  a little dog
 an orc zombie
  a hobbit
  a large kobold
  2 giant rats
  2 cave spiders
  a yellow mold
  3 gnomes
  a gecko
 10 jackals
  a fox
  3 goblins
  5 sewer rats
  3 grid bugs
  5 lichens
 12 newts
53 creatures vanquished.

No species were genocided or became extinct.

Game over:
                       ----------
                      /          \
                     /    REST    \
                    /      IN      \
                   /     PEACE      \
                  /                  \
                  |  LDaviesPeters   |
                  |      138 Au      |
                  | killed by an imp |
                  |                  |
                  |                  |
                  |                  |
                  |       2026       |
                 *|     *  *  *      | *
        _________)/\\_//(\/(/\)/\//\/|_)_______

Goodbye LDaviesPeters the Archeologist...

You died in The Dungeons of Doom on dungeon level 4 with 695 points,
and 138 pieces of gold, after 2498 moves.
You were level 4 with a maximum of 38 hit points when you died.

